 Dungeon Crawl Stone Soup version 0.29-a0-222-g5b244fca1f (webtiles) character file.

Game seed: 10201931238562734335

4716 ReploidZero the Fighter (level 10, -20/56 HPs)
             Began as a Vine Stalker Fighter on Feb 27, 2022.
             Was a Follower of Uskayaw.
             Demolished by an orc knight
             ... wielding a +0 halberd
              (22 damage)
             ... in a bailey.
             The game lasted 00:21:07 (6206 turns).

ReploidZero the Fighter (Vine Stalker Fighter)      Turns: 6206, Time: 00:21:07

Health: -20/56     AC: 10    Str: 23    XL:     10   Next: 45%
Magic:  0/15       EV: 14    Int:  8    God:    Uskayaw [*.....]
Gold:   331        SH:  0    Dex: 14    Spells: 9/9 levels left

rFire   . . .      SeeInvis .   k - +5 battleaxe
rCold   . . .      Faith    .   (shield currently unavailable)
rNeg    . . .      Spirit   +   b - +1 scale mail
rPois   .          Reflect  .   (no helmet)
rElec   .          Harm     .   q - +0 cloak
rCorr   .          Rampage  .   (no gloves)
Will    +....                   (no boots)
Stlth   ..........              (no amulet)
HPRegen 0.98/turn               p - +4 ring of evasion
MPRegen 0.14/turn               (no ring)

@: invisible
A: fangs 3, regeneration 1, magic shield, antimagic bite, no potion heal 2
a: Renounce Religion, Stomp


You were in a bailey.
You worshipped Uskayaw.
Uskayaw was noncommittal.
You visited 2 branches of the dungeon, and saw 8 of its levels.
You also visited: Bailey.

You collected 492 gold pieces.
You spent 161 gold pieces at shops.

Inventory:

Hand Weapons
 a - a +1 flail
 k - a +5 battleaxe (weapon)
Armour
 b - a +1 scale mail (worn)
 c - a +0 buckler
 q - a +0 cloak (worn)
Jewellery
 l - a ring of resist corrosion
 p - a +4 ring of evasion (left hand)
Wands
 o - a wand of acid (8)
Scrolls
 e - a scroll of enchant weapon
 f - 2 scrolls of amnesia
 g - 3 scrolls of teleportation
 i - a scroll of immolation
 j - 2 scrolls of fog
Potions
 d - a potion of flight
 h - 4 potions of curing
 n - 2 potions of heal wounds
 r - 2 potions of mutation
 s - 2 potions of magic {unknown}
 t - a potion of might
 v - 2 potions of haste {unknown}


   Skills:
 + Level 8.2 Fighting
 - Level 5.0(6.3) Axes
 + Level 5.8(6.7) Maces & Flails
 + Level 7.4 Armour
 + Level 6.2 Shields
 + Level 5.7 Invocations


You had 9 spell levels left.
You didn't know any spells.
Your spell library contained the following spells:

 Spells                   Type           Power      Damage    Failure   Level
 Confusing Touch          Hex            0%         N/A       96%         3
 Tukima's Dance           Hex            0%         N/A       96%         3
 Passage of Golubria      Tloc           0%         N/A       100%        4
 Yara's Violent Unravell  Hex/Tmut       0%         3d3       100%        5
 Enfeeble                 Hex            0%         N/A       100%        7


Dungeon Overview and Level Annotations

Branches:
Dungeon (7/15)             Temple (1/1) D:6          Bailey (1/1)

Altars:
Ashenzari
Cheibriados
Dithmenos
Fedhas
Gozag
Hepliaklqana
Kikubaaqudgha
Makhleb
Nemelex Xobeh
Okawaru
Qazlal
Sif Muna
Trog
Uskayaw
Vehumet
Wu Jian
Xom
Yredelemnul
The Shining One

Shops:
D:2 (   D:4 [   D:7 *


Innate Abilities, Weirdness & Mutations

You have razor-sharp teeth.
Your natural rate of healing is unusually fast.
When hurt, damage is shared between your health and your magic reserves.
Your bite disrupts and absorbs the magic of your enemies.
Potions cannot restore your health.


Message History

There is an open gate here.
The orc knight is engulfed in blazing flames.
Flame seeps out of the orc knight.
The orc knight is engulfed in blazing flames.
Flame seeps out of the orc knight.
Okay, then.
Okay, then.
There is an open door, spattered with blood here.
Things that are here:
a +0 glaive; a +0 chain mail
There is an open door here.
The orc knight hits you from afar with a +0 halberd.
* * * LOW HITPOINT WARNING * * *
Okay, then.
You flicker for a moment.
The orc knight barely misses you.
Things that are here:
a +0 trident; a +0 ring mail You see here a +0 halberd.
You flicker back into view.
Items here: )) ÷ †.
Okay, then.
Aiming: Corrosive Bolt
Press: ? - help, Shift-Dir - straight line, f - orc knight
Aim: an orc knight, wielding a +0 halberd and wearing a +4 chain mail (severely wounded, 68% to hit)
The bolt of acid hits the orc knight!
The acid corrodes the orc knight!
The orc knight is severely wounded.
The orc knight hits you but does no damage.
The orc misses you.
You hit the orc.
The orc is severely wounded.
The orc knight roars a battlecry!
The orc goes into a battle-frenzy!
The orc hits you with a +0 spear!
The orc knight hits you from afar with a +0 halberd!!
* * * LOW HITPOINT WARNING * * *
You fade into invisibility!
The orc closely misses you.
The orc knight hits you from afar with a +0 halberd!!
You die...

############ #######
##.∩....)...## ##.....##
#...)))#o....######.......#
#....)###....#.)))#..##...'
#∩.....8..@..'....)..8....'
#...))###o...#..).#..##...'
#......#.....######.......#
##.∩........## ##.....##
############ #######


You could see an orc knight (corroded) and an orc (strong).

Vanquished Creatures
  4 yaks (D:6)
  A water moccasin (D:6)
  An orc warrior (Bailey)
  A black bear (D:4)
  An ogre (D:5)
  3 phantoms
  Blork the orc (D:5)
  A scorpion (D:5)
  3 bullfrogs
  A howler monkey (D:6)
  5 wights
  6 hounds
  A jelly (D:6)
  An orc priest (D:4)
  4 iguanas
  3 orc wizards
  4 gnolls (D:3)
  4 adders
  2 white imps (D:5)
  An ufetubus (D:6)
  A worm (D:2)
  2 dart slugs
  25 orcs
  6 endoplasms
  5 giant cockroaches
  14 goblins
  10 hobgoblins
  4 jackals (D:3)
  7 kobolds
  5 quokkas
  5 ball pythons
  6 bats
  5 frilled lizards
  5 rats
148 creatures vanquished.

Notes
Turn   | Place    | Note
-------+----------+-------------------------------------------
     0 | D:1      | ReploidZero the Vine Stalker Fighter began the quest for
                  | the Orb.
     0 | D:1      | Reached XP level 1. HP: 11/11 MP: 2/2
   187 | D:1      | Reached XP level 2. HP: 8/16 MP: 3/3
   762 | D:1      | Reached skill level 3 in Fighting
   762 | D:1      | Reached XP level 3. HP: 7/20 MP: 4/4
  1234 | D:2      | Found Ixtuw's Antique Weapon Boutique.
  1263 | D:2      | Found a faded altar of an unknown god.
  1694 | D:2      | Gained mutation: Your natural rate of healing is unusually
                  | fast. [Vine Stalker growth]
  1694 | D:2      | Reached XP level 4. HP: 10/24 MP: 5/5
  2029 | D:3      | Identified the +0 leather armour of the Eternal Fruit
                  | {Str+9 Dex-2}
  2165 | D:2      | Reached XP level 5. HP: 13/28 MP: 4/6
  2710 | D:3      | Identified the +1 robe of Zaikog {Will+ Int-3 SInv Stlth+}
  2882 | D:4      | Reached XP level 6. HP: 31/33 MP: 7/7
  3004 | D:4      | Noticed a black bear
  3010 | D:4      | Killed a black bear
  3011 | D:4      | Reached skill level 4 in Fighting
  3029 | D:4      | Found an opulent altar of Gozag.
  3079 | D:4      | Found Kyenk's Antique Armour Boutique.
  3086 | D:4      | Bought a pair of faintly humming gloves for 161 gold pieces
  3086 | D:4      | Identified the +0 pair of gloves of the Kangaroo {Fly rF-
                  | rCorr Str+2} (You bought it in a shop on level 4 of the
                  | Dungeon)
  3114 | D:4      | Found a bloodstained altar of Trog.
  3128 | D:4      | Reached XP level 7. HP: 37/37 MP: 8/8
  3797 | D:5      | Entered Level 5 of the Dungeon
  3798 | D:5      | Noticed Blork the orc
  3808 | D:5      | Killed Blork the orc
  4013 | D:5      | Gained mutation: You have razor-sharp teeth. [Vine Stalker
                  | growth]
  4013 | D:5      | Reached XP level 8. HP: 42/42 MP: 9/9
  4084 | D:5      | Reached skill level 5 in Fighting
  4084 | D:5      | Reached skill level 5 in Shields
  4457 | D:6      | Found a staircase to the Ecumenical Temple.
  4547 | D:6      | Found an ornate altar of the Wu Jian Council.
  4780 | D:6      | Reached skill level 5 in Maces & Flails
  5061 | D:6      | Reached skill level 5 in Armour
  5075 | D:6      | Noticed a yak
  5075 | D:6      | Noticed a yak
  5076 | D:6      | Noticed a yak
  5076 | D:6      | Noticed a yak
  5141 | D:6      | Killed a yak
  5146 | D:6      | Killed a yak
  5147 | D:6      | Reached XP level 9. HP: 48/48 MP: 10/10
  5154 | D:6      | Reached skill level 6 in Fighting
  5522 | Temple   | Entered the Ecumenical Temple
  5659 | Temple   | Became a worshipper of Uskayaw the Reveller
  5767 | D:6      | Reached * piety under Uskayaw
  5771 | D:6      | Reached ** piety under Uskayaw
  5792 | D:6      | Reached *** piety under Uskayaw
  5859 | D:7      | Found a flagged portal.
  5898 | D:7      | Found Losykkikk's Elemental Accessories.
  5940 | Bailey   | Entered a bailey
  5995 | Bailey   | Reached skill level 1 in Invocations
  6162 | Bailey   | Noticed an orc knight
  6168 | Bailey   | Reached skill level 8 in Fighting
  6168 | Bailey   | Reached skill level 5 in Axes
  6168 | Bailey   | Reached skill level 5 in Invocations
  6168 | Bailey   | Reached XP level 10. HP: 56/56 MP: 10/15
  6205 | Bailey   | HP: 1/56 [orc knight/+0 halberd (24)]
  6206 | Bailey   | Demolished by an orc knight

Illustrated notes

Levels and vault maps discovered:
D:1:      psy_arrival_basics, layout_rooms, st_stairs_11
D:2:      layout_rooms, serial_shops, shop, ebering_ecumenical_altar_webs,
          chequers_serial_rivers_micro_a, minmay_circle_x
D:3:      layout_basic, hex_tiny
D:4:      layout_loops_corners, mainiacjoe_overflow_catwalk,
          lemuel_coloured_pillars_altar, serial_shops,
          nicolae_shop_overgrown_old_shop, st_stairs_9,
          hangedman_abyss_or_decor_lesser_grid, kennysheep_generic_room_11
D:5:      layout_cave_pools, uniq_blork_the_orc
D:6:      layout_basic, mainiacjoe_overflow_brackets,
          minmay_temple_entry_butterflies, serial_co_window_serial,
          co_window_paths_a, co_window_of_opportunity_a, co_window_cross_1,
          co_window_paths_b, co_window_of_opportunity_a, co_window_corner_b,
          co_window_2corner, co_window_paths_c, co_window_corner_ca,
          co_window_cross_3, co_window_4corner_b, co_window_4corner_a,
          glass_columns_a, glass_columns_a, glass_columns_a
D:7:      layout_basic, enter_bailey_5, grunt_decor_mini_mirrors,
          nicolae_concentric_dashed_squares_mild, nicolae_elemental_shop
Temple:   lightli_temple_of_artemis
Bailey:   bailey_polearm_5, bailey

Skill      XL: |  1  2  3  4  5  6  7  8  9 |
---------------+----------------------------+-----
Maces & Flails | 2 3 4 5 |  5.8
Shields        | 3 4 5 6 |  6.2
Fighting       | 3 4 5 8 |  8.2
Armour         | 3 4 5 7 |  7.4
Invocations    | 5 |  5.7
Axes           | 5 |  5.0

Action                   |  1- 3 |  4- 6 |  7- 9 | 10-12 || total
-------------------------+-------+-------+-------+-------++-------
Melee: Flail             |    52 |       |       |       ||    52
       Bite              |    26 |    65 |   114 |       ||   205
       Dagger            |    83 |   196 |   310 |       ||   589
       Battleaxe         |       |       |    38 |     2 ||    40
Evoke: Wand              |       |       |     2 |     1 ||     3
  Use: Scroll            |       |     8 |     9 |     1 ||    18
       Potion            |       |     2 |     3 |     2 ||     7
 Stab: Paralysed         |       |       |     2 |       ||     2
Armor: Scale mail        |    73 |    64 |   109 |     1 ||   247
Dodge: Dodged            |    65 |    59 |   169 |     3 ||   296
Block: Buckler           |    37 |    36 |    53 |       ||   126

Table legend: (Time is in decaauts)
 A = Elapsed time spent in this place.
 B = Non-inter-level travel time spent in this place.
 C = Inter-level travel time spent in this place.
 D = Time resting spent in this place.
 E = Time spent auto-exploring this place.
 F = Levels seen in this place.
 G = Mean time per level.
                   A        B        C        D        E       F      G
               +--------+--------+--------+--------+--------+-----+--------+
         Total |   6084 |   5830 |    254 |      0 |   4382 |   9 |  676.0 |
       Dungeon |   5659 |   5427 |    232 |      0 |   4172 |   7 |  808.4 |
        Temple |    145 |    123 |     22 |      0 |     82 |   1 |  145.0 |
        Bailey |    279 |    279 |      0 |      0 |    128 |   1 |  279.0 |
               +--------+--------+--------+--------+--------+-----+--------+

Top non-repeatable levels by time:
     D:6: 1238 daAuts
     D:1: 1232 daAuts
     D:4: 916 daAuts
     D:2: 797 daAuts
     D:3: 764 daAuts
     D:5: 546 daAuts
  Bailey: 279 daAuts
     D:7: 165 daAuts
  Temple: 145 daAuts
